 Dungeon Crawl Stone Soup version 0.31-a0-145-g046c7d2549 (webtiles) character file.

Game seed: 6605069769950549372

29 Faragor the Chiller (level 3, 17/19 HPs)
             Began as a Deep Elf Ice Elementalist on June 4, 2023.
             Was a Follower of Trog.
             Quit the game on level 1 of the Dungeon.
             The game lasted 00:03:41 (708 turns).

Faragor the Chiller (Deep Elf Ice Elementalist)      Turns: 708, Time: 00:03:41

Health: 17/19      AC:  2    Str:  5    XL:     3   Next: 1%
Magic:  10/10      EV: 10    Int: 21    God:    Trog [*.....]
Gold:   21         SH:  0    Dex: 15    Spells: 8/9 levels left

rFire   . . .        c - +0 short sword (venom)
rCold   . . .        (no shield)
rNeg    . . .        a - +0 robe
rPois   .            (no helmet)
rElec   .            (no cloak)
rCorr   .            (no gloves)
SInv    .            (no boots)
Will    .....        (no amulet)
Stlth   ++           (no ring)
HPRegen 0.23/turn    (no ring)
MPRegen 0.12/turn

%: no passive effects
@: constricted
A: no striking features
a: Renounce Religion, Berserk


You were on level 1 of the Dungeon.
You worshipped Trog.
Trog was aware of your devotion.
You visited 1 branch of the dungeon, and saw 1 of its levels.

You collected 21 gold pieces.

Inventory:

Hand Weapons
 c - a +0 short sword of venom (weapon)
Armour
 a - a +0 robe (worn)
Potions
 b - a potion of magic
 d - a potion of heal wounds {unknown}


   Skills:
 + Level 3.0 Dodging
 + Level 3.1 Stealth
 - Level 3.5 Spellcasting
 - Level 4.6 Ice Magic


You had 8 spell levels left.
You knew the following spells:

 Your Spells              Type           Power      Damage    Failure   Level
a - Freeze                Ice            92%        1d9       1%          1

Your spell library contained the following spells:

 Spells                   Type           Power      Damage    Failure   Level
 Frozen Ramparts          Ice            46%        1d7       5%          3
 Ozocubu's Armour         Ice            23%        N/A       5%          3
 Summon Ice Beast         Ice/Summ       13%        N/A       43%         4


Dungeon Overview and Level Annotations

Branches:
Dungeon (1/15)

Altars:
Trog


Message History

Found a sapphire potion.
A rat comes into view.
There is a faded altar of an unknown god here.
Casting: Freeze (safe; 1% risk of failure)
Confirm with . or Enter, or press ? or * to list all spells.
Aiming: Freeze (safe; 1% risk of failure)
Press: ? - help, Shift-Dir - straight line, f - you
Okay, then.
Unknown command.
Press < or > to pray at altars.
This altar belongs to (a) Yredelemnul, (b) Trog or (c) Qazlal, but you can't tell which.
Press the corresponding letter to learn more about a god, or press enter to convert or escape to cancel.
Trog accepts your prayer! Trog welcomes you!
You can now go berserk at will.
You see here a frilled lizard corpse.
You hit the rat.
You kill the rat!
Trog accepts your kill.
Your Dodging skill increases to level 3!
d - a sapphire potion A ball python comes into view.
The ball python hisses angrily.
The ball python bites you. The ball python closely misses you.
The ball python bites you. The ball python grabs you.
The ball python constricts you.
You can't go up here!
Casting: Freeze (safe; 1% risk of failure)
Confirm with . or Enter, or press ? or * to list all spells.
Casting this spell will place you under penance.
Really cast?
Okay, then.
Unknown command.
Casting: Freeze (safe; 1% risk of failure)
Confirm with . or Enter, or press ? or * to list all spells.
Casting this spell will place you under penance.
Really cast?
Okay, then.
Casting: Freeze (safe; 1% risk of failure)
Confirm with . or Enter, or press ? or * to list all spells.
Okay, then.
Unknown command.
Are you sure you want to abandon this character and quit the game? (Confirm with "yes".)

##.#≈≈≈≈≈≈.≈...#...
#..§§..≈_.≈....#.#.
#..#≈≈≈≈≈≈.≈...#.#.
#..#§§§§≈≈≈.§..# #.
#...#§§≈§..≈§≈#.##.
##...#≈.....≈..####
##.#.#§....#.## #
#####....#####.## #
#...@.###.... ## .
#..S..# #### .
#.....# #.....#
#.....# #......
#...... #.....#.


You could see a ball python.

Vanquished Creatures
  A gnoll (D:1)
  A dart slug (D:1)
  2 endoplasms (D:1)
  A giant cockroach (D:1)
  2 hobgoblins (D:1)
  3 bats (D:1)
  A frilled lizard (D:1)
  3 kobolds (D:1)
  6 rats (D:1)
20 creatures vanquished.

Notes
Turn   | Place    | Note
-------+----------+-------------------------------------------
     0 | D:1      | Faragor the Deep Elf Ice Elementalist began the quest for
                  | the Orb.
     0 | D:1      | Reached XP level 1. HP: 10/10 MP: 6/6
    57 | D:1      | Reached XP level 2. HP: 5/15 MP: 4/8
   542 | D:1      | Found a faded altar of an unknown god.
   546 | D:1      | Reached XP level 3. HP: 19/19 MP: 8/10
   676 | D:1      | Prayed at the altar of an unknown god.
   676 | D:1      | Became a worshipper of Trog the Wrathful
   676 | D:1      | Reached * piety under Trog
   708 | D:1      | Quit the game

Illustrated notes

Levels and vault maps discovered:
D:1:      dpeg_arrival_line_fractal, layout_rooms,
          shapermc_ecumenical_altar_starsandcircs

Skill      XL: |  1  2  3 |
---------------+----------+-----
Stealth        | 3 |  3.1
Dodging        | 3 |  3.0
Spellcasting   | |  3.5
Ice Magic      | |  4.6

Action                     || total
---------------------------++-------
  Melee: Unarmed           ||     5
         Short sword       ||     1
   Cast: Freeze            ||    32
    Use: Scroll            ||     1
 Armour: Robe              ||     5
  Dodge: Dodged            ||    29

Table legend: (Time is in decaauts)
 A = Elapsed time spent in this place.
 B = Non-inter-level travel time spent in this place.
 C = Inter-level travel time spent in this place.
 D = Time resting spent in this place.
 E = Time spent auto-exploring this place.
 F = Levels seen in this place.
 G = Mean time per level.
                   A        B        C        D        E       F      G
               +--------+--------+--------+--------+--------+-----+--------+
         Total |    707 |    707 |      0 |    435 |      0 |   1 |  707.0 |
       Dungeon |    707 |    707 |      0 |    435 |      0 |   1 |  707.0 |
               +--------+--------+--------+--------+--------+-----+--------+

Top non-repeatable levels by time:
     D:1: 707 daAuts
